 Dungeon Crawl Stone Soup version 0.28-a0-479-g5baa6b73be (webtiles) character file.

Game seed: 5445037831274715053

2482 speeev33 the Fighter (level 9, 0/81 HPs)
             Began as a Hill Orc Fighter on Sept 19, 2021.
             Was a Believer of Okawaru.
             Succumbed to a killer bee's poison
             ... on level 7 of the Dungeon.
             The game lasted 00:10:52 (8112 turns).

speeev33 the Fighter (Hill Orc Fighter)             Turns: 8112, Time: 00:10:52

Health: 0/81       AC: 10    Str: 22    XL:     9   Next: 51%
Magic:  11/11      EV:  6    Int:  8    God:    Okawaru [**....]
Gold:   228        SH:  9    Dex: 10    Spells: 8/8 levels left

rFire   . . .      SeeInvis .   g - +2 demon trident (venom)
rCold   . . .      Faith    .   b - +0 kite shield
rNeg    . . .      Spirit   .   k - +0 chain mail
rPois   .          Reflect  .   (no helmet)
rElec   .          Harm     .   (no cloak)
rCorr   .          Rampage  .   (no gloves)
Will    .....                   (no boots)
Stlth   ..........              (no amulet)
HPRegen 0.23/turn               (no ring)
MPRegen 0.12/turn               (no ring)

@: lethally poisoned (0 -> -9)
A: no striking features
a: Renounce Religion, Heroism


You were on level 7 of the Dungeon.
You worshipped Okawaru.
Okawaru was pleased with you.
You visited 2 branches of the dungeon, and saw 8 of its levels.

You collected 277 gold pieces.
You spent 49 gold pieces at shops.

Inventory:

Hand Weapons
 a - a +0 war axe
 g - a +2 demon trident of venom (weapon)
Armour
 b - a +0 kite shield (worn)
 k - a +0 chain mail (worn)
Wands
 m - a wand of acid (4)
Scrolls
 h - 4 scrolls of fear
 j - a scroll of teleportation
 o - a scroll of enchant weapon {unknown}
Potions
 c - 2 potions of flight
 d - 2 potions of might
 e - 2 potions of curing
 f - a potion of lignification
 l - a potion of invisibility {unknown}
 n - a potion of attraction {unknown}


   Skills:
 + Level 8.2 Fighting
 - Level 4.8(6.5) Axes
 + Level 5.6(6.2) Polearms
 + Level 7.5 Armour
 + Level 7.3 Shields
 + Level 3.3 Invocations


You had 8 spell levels left.
You didn't know any spells.
Your spell library contained the following spells:

 Spells                   Type           Power      Damage    Failure   Level
 Freeze                   Ice            0%         1d3       100%        1
 Frozen Ramparts          Ice            0%         1d2       100%        3
 Hailstorm                Conj/Ice       0%         3d3       100%        4


Dungeon Overview and Level Annotations

Branches:
Dungeon (7/15)             Temple (1/1) D:4

Altars:
Cheibriados
Dithmenos
Hepliaklqana
Nemelex Xobeh
Okawaru
Trog
Uskayaw
Vehumet
Yredelemnul

Shops:
D:4 :[   D:5 =

Annotations:
D:6 2 transporters, gorlok231's ghost, novice GnFE


Message History

There is an open door here.
* * * LOW HITPOINT WARNING * * *
You feel very sick. You block the killer bee's attack.
You feel better. The killer bee stings you!
* * * LOW HITPOINT WARNING * * *
You block the killer bee's attack. The killer bee completely misses you.
The killer bee closely misses you. You block the killer bee's attack.
The killer bee barely misses you. You block the killer bee's attack.
The killer bee stings you.
* * * LOW HITPOINT WARNING * * *
You are poisoned.
The killer bee poisons you! The killer bee stings you.
* * * LOW HITPOINT WARNING * * *
You are lethally poisoned!
The killer bee poisons you! You block the killer bee's attack.
There is an open door, spattered with blood here.
Items here: ))) [[ รทรทรท.
You feel better. You block the killer bee's attack.
The killer bee stings you but does no damage.
The killer bee barely misses you.
The killer bee stings you but does no damage.
The killer bee stings you!
* * * LOW HITPOINT WARNING * * *
The killer bee stings you!
* * * LOW HITPOINT WARNING * * *
You are lethally poisoned!
The killer bee poisons you!
* * * LOW HITPOINT WARNING * * *
You feel sick. The killer bee stings you.
* * * LOW HITPOINT WARNING * * *
You are more poisoned.
The killer bee poisons you!
* * * LOW HITPOINT WARNING * * *
You feel very sick. The killer bee barely misses you.
It was a potion of magic.
Magic courses through your body.
You die...

###......#######
#.........##...##########+
#.........##._.#..........
#....'######...#..........
#....#...#.###.#..........
#....#.#.#....##..........
#....#.#...##.#...........
#....#.##...#.#..)........
#...##....#.#@#)....o.....
#... .###.#..y#)##.##+####
.... . ######y###.# .
#.....s....# #....y.....#
####..........+
#...###...#####
#.....#...#####'# .....
#.....#.........#......


You could see a scorpion and 2 killer bees.

Vanquished Creatures
  A two-headed ogre (D:6)
  Grinder (D:5)
  2 black bears
  2 ice beasts
  An ogre (D:4)
  A bullfrog (D:6)
  A scorpion (D:6)
  A water moccasin skeleton (D:6)
  5 wights (D:6)
  A bullfrog zombie (D:6)
  A hound (D:4)
  2 orc priests
  A jelly (D:4)
  2 bullfrog skeletons
  2 gnoll shamans
  An iguana (D:4)
  6 orc wizards
  A killer bee zombie (D:7)
  A hound zombie (D:5)
  12 gnolls
  A howler monkey zombie (D:6)
  13 adders
  A howler monkey skeleton (D:5)
  An ufetubus (D:6)
  An adder skeleton (D:4)
  2 worms
  A dart slug (D:4)
  9 orcs
  5 giant cockroaches
  6 goblins
  10 hobgoblins
  3 jackals (D:3)
  3 quokkas
  10 ball pythons
  4 bats
  2 frilled lizards
  6 kobolds
  A quokka skeleton (D:4)
  2 rats
126 creatures vanquished.

Vanquished Creatures (others)
  4 fungi (D:2)
  3 plants (D:2)
7 creatures vanquished.

Grand Total: 133 creatures vanquished

Notes
Turn   | Place    | Note
-------+----------+-------------------------------------------
     0 | D:1      | speeev33 the Hill Orc Fighter began the quest for the Orb.
     0 | D:1      | Reached XP level 1. HP: 19/19 MP: 1/1
   143 | D:1      | Reached XP level 2. HP: 25/27 MP: 2/2
   483 | D:1      | Reached skill level 4 in Fighting
   829 | D:2      | Reached XP level 3. HP: 31/33 MP: 3/3
   966 | D:2      | Reached XP level 4. HP: 16/41 MP: 4/4
  1161 | D:2      | Found a radiant altar of Vehumet.
  1336 | D:2      | Found a faded altar of an unknown god.
  1932 | D:3      | Reached XP level 5. HP: 47/47 MP: 5/5
  2729 | D:4      | Found Xoenkeev's Armour Emporium.
  2755 | D:4      | Bought a +0 kite shield for 49 gold pieces
  3133 | D:4      | Reached skill level 5 in Fighting
  3619 | D:4      | Reached XP level 6. HP: 42/56 MP: 6/6
  3784 | D:4      | Found a shadowy altar of Dithmenos.
  3820 | D:4      | Found a sparkling altar of Nemelex Xobeh.
  4174 | D:4      | Noticed a black bear
  4175 | D:4      | Reached skill level 1 in Polearms
  4177 | D:4      | Killed a black bear
  4178 | D:4      | Reached skill level 5 in Armour
  4178 | D:4      | Reached XP level 7. HP: 58/62 MP: 7/7
  4236 | D:4      | Found a staircase to the Ecumenical Temple.
  4246 | Temple   | Entered the Ecumenical Temple
  4311 | Temple   | Became a worshipper of Warmaster Okawaru
  4483 | D:4      | Found Saxouwemn's Self-Improvement Boutique.
  4496 | D:4      | Reached skill level 5 in Shields
  4706 | D:4      | Reached skill level 6 in Fighting
  4914 | D:4      | Found a hazy altar of Hepliaklqana.
  5085 | D:5      | Entered Level 5 of the Dungeon
  5236 | D:5      | Reached * piety under Okawaru
  5237 | D:5      | Reached XP level 8. HP: 68/71 MP: 8/8
  5364 | D:5      | Noticed Grinder
  5384 | D:5      | Killed Grinder
  5813 | D:5      | Found Jisofute's Jewellery Shoppe.
  6315 | D:6      | Reached skill level 7 in Fighting
  6396 | D:6      | Noticed a two-headed ogre
  6996 | D:6      | Found a transporter.
  7007 | D:6      | Noticed gorlok231's ghost (novice GnFE)
  7021 | D:6      | Found a transporter.
  7313 | D:6      | Reached XP level 9. HP: 78/79 MP: 9/9
  7377 | D:6      | Killed a two-headed ogre
  7377 | D:6      | Reached ** piety under Okawaru
  7378 | D:6      | Reached skill level 8 in Fighting
  7378 | D:6      | Reached skill level 5 in Polearms
  7803 | D:7      | Found a snail-covered altar of Cheibriados.
  8111 | D:7      | HP: 3/81 [poisoned by a killer bee]
  8112 | D:7      | Succumbed to a killer bee's poison

Illustrated notes

Levels and vault maps discovered:
D:1:      scummos_arrival_simple_crosswalls, layout_basic,
          minmay_misc_feat_alley, glass_columns_b
D:2:      layout_loops_ring, dreamdust_ecumenical_altar_grove, basic_altar,
          ebering_dispersal_statue_hall, item_on_display_a
D:3:      layout_loops_corners
D:4:      layout_basic, worldfamousw_hep_ancestral_shrine,
          mainiacjoe_overflow_alcove_2, nemelex_xobeh_ov_fountains_minmay,
          minmay_temple_entry_arrows, st_stairs_3, nicolae_stop_n_shop_2,
          nicolae_shop_self_help
D:5:      layout_cave_pods, serial_shops, nicolae_diamond_shop, uniq_grinder
D:6:      layout_loops_ring, gammafunk_ghost_stat_death,
          kennysheep_generic_room_2
D:7:      layout_gridville, mainiacjoe_overflow_swirl, uniq_crazy_yiuf_cottage
Temple:   minmay_temple_forest_path

Skill      XL: |  1  2  3  4  5  6  7  8  9 |
---------------+----------------------------+-----
Axes           | 3 4 |  4.8
Fighting       | 4 5 6 7 8 |  8.2
Armour         | 4 5 6 7 |  7.5
Shields        | 4 5 6 7 |  7.3
Polearms       | 1 3 4 5 |  5.6
Invocations    | 3 |  3.3

Action                   |  1- 3 |  4- 6 |  7- 9 || total
-------------------------+-------+-------+-------++-------
Melee: War axe           |   103 |   140 |       ||   243
       Demon trident     |       |    13 |   175 ||   188
Evoke: Wand              |       |       |     2 ||     2
  Use: Scroll            |     4 |     3 |     3 ||    10
       Potion            |       |       |     3 ||     3
Armor: Scale mail        |    43 |    27 |       ||    70
       Chain mail        |       |    39 |    79 ||   118
Dodge: Dodged            |    50 |    65 |    48 ||   163
Block: Buckler           |    29 |    12 |       ||    41
       Kite shield       |       |    43 |    91 ||   134

Table legend: (Time is in decaauts)
 A = Elapsed time spent in this place.
 B = Non-inter-level travel time spent in this place.
 C = Inter-level travel time spent in this place.
 D = Time resting spent in this place.
 E = Time spent auto-exploring this place.
 F = Levels seen in this place.
 G = Mean time per level.
                   A        B        C        D        E       F      G
               +--------+--------+--------+--------+--------+-----+--------+
         Total |   8260 |   7864 |    396 |   1678 |   4967 |   8 | 1032.5 |
       Dungeon |   8137 |   7794 |    343 |   1678 |   4913 |   7 | 1162.4 |
        Temple |    122 |     69 |     53 |      0 |     54 |   1 |  122.0 |
               +--------+--------+--------+--------+--------+-----+--------+

Top non-repeatable levels by time:
     D:3: 2053 daAuts
     D:4: 1531 daAuts
     D:5: 1360 daAuts
     D:6: 1309 daAuts
     D:2: 964 daAuts
     D:1: 566 daAuts
     D:7: 351 daAuts
  Temple: 122 daAuts
